 Dungeon Crawl Stone Soup version 0.28.0-53-g5a82cb258f (webtiles) character file.

Game seed: 8488626113888271165

669 mortz the Chopper (level 7, -3/90 HPs)
             Began as a Hill Orc Fighter on June 12, 2022.
             Was a Follower of Trog.
             Slain by a killer bee (6 damage)
             ... on level 4 of the Dungeon.
             The game lasted 00:17:47 (5176 turns).

mortz the Chopper (Hill Orc Fighter)                Turns: 5176, Time: 00:17:47

Health: -3/90      AC:  7    Str: 21    XL:     7   Next: 58%
Magic:  18/18      EV:  9    Int:  8    God:    Trog [*.....]
Gold:   220        SH:  4    Dex: 10    Spells: 6/6 levels left

rFire   . . .      SeeInvis .   v - +4 flail (holy) {mace}
rCold   . . .      Faith    .   c - +0 buckler
rNeg    . . .      Spirit   .   b - +0 scale mail
rPois   .          Reflect  .   (no helmet)
rElec   .          Harm     .   (no cloak)
rCorr   .          Rampage  .   (no gloves)
Will    .....                   (no boots)
Stlth   ..........              (no amulet)
HPRegen 0.25/turn               g - ring of magical power
MPRegen 0.16/turn               (no ring)

@: berserking, lethally poisoned (-3 -> -5), very quick
A: no striking features
a: Renounce Religion, Berserk


You were on level 4 of the Dungeon.
You worshipped Trog.
Trog was aware of your devotion.
You visited 1 branch of the dungeon, and saw 4 of its levels.

You collected 220 gold pieces.


   Skills:
 + Level 4.9 Fighting
 - Level 5.5(5.9) Axes
 + Level 2.2(3.7) Maces & Flails
 - Level 2.4 Throwing
 + Level 4.8 Armour
 + Level 1.5 Dodging
 - Level 0.2 Stealth
 + Level 4.0 Shields
 - Level 3.0 Invocations


You had 6 spell levels left.
You didn't know any spells.
Your spell library was empty.

Inventory:

Hand Weapons
 a - a +0 war axe {axe}
 q - a +0 short sword of freezing {short}
   (You took it off a kobold on level 3 of the Dungeon)
 v - a +4 flail of holy wrath (weapon) {mace}
   (You took it off Edmund on level 4 of the Dungeon)
 z - a +1 hand axe of draining {axe}
   (You took it off an orc on level 4 of the Dungeon)
Missiles
 e - 5 stones {throwing}
 h - 38 bolts
 i - 3 javelins {throwing}
 j - 66 arrows
 n - 7 poisoned darts (quivered) {throwing}
 s - 3 boomerangs {throwing}
 x - 34 sling bullets
Armour
 b - a +0 scale mail (worn)
 c - a +0 buckler (worn)
 y - a +0 helmet
   (You took it off Robin on level 4 of the Dungeon)
Jewellery
 g - a ring of magical power (left hand)
   (You found it on level 1 of the Dungeon)
Wands
 t - a wand of flame (17)
   (You took it off a kobold on level 3 of the Dungeon)
 w - a wand of paralysis (3)
   (You found it on level 4 of the Dungeon)
Scrolls
 f - a scroll of identify {@r1}
 k - 2 scrolls of teleportation {unknown}
 l - a scroll of brand weapon {unknown}
 o - 2 scrolls of enchant weapon {unknown}
 u - a scroll of fog {unknown}
Potions
 d - a potion of might
 m - 3 potions of curing {@q1}
 p - a potion of cancellation
 r - a potion of invisibility

Dungeon Overview and Level Annotations

Branches:
Dungeon (4/15)
 Temple: D:4-7

Altars:
Kikubaaqudgha
Makhleb
Trog
The Shining One
Lugonu

Portals:
Abyss: D:1

#.#.# #......##.### #.#..
+.......#.##. #.#
#...###.#.##.
#.##################.#.##.
#.##...................#.#
#.##.#################.##.
#.....)...# ........#..
####.####.# ########...
#.# #@# #... #.# #y# #...
#.# #.# .### #.# #†# ##
#.# #.. #<# #... #.# #....
# #.# #..... # #.# ....###
.


You could see a killer bee.


Message History

😕 HP[-3]
You take 3 damage, and now have 52/60 hp.
You closely miss the killer bee.
You feel sick.
The killer bee stings you but does no damage.
The killer bee stings you. x2
You are more poisoned.
The killer bee poisons you! 😕 HP[-4]
You take 4 damage, and now have 48/60 hp.
You hit the killer bee.
You feel very sick.
The killer bee stings you but does no damage.
You block the killer bee's attack. 😮 HP[-3]
You take 3 damage, and now have 45/60 hp.
You barely miss the killer bee.
You feel sick.
The killer bee stings you but does no damage.
The killer bee stings you. x2
You are more poisoned.
The killer bee poisons you! 😮 HP[-9]
You take 9 damage, and now have 36/60 hp.
Aiming: Throw Flame
Press: ? - help, Q - select action, (/) - cycle Shift-Dir - straight line, f - killer bee
Aim: a killer bee (almost dead, 39% to hit)
The puff of flame hits the killer bee!
You kill the killer bee!
Trog accepts your kill.
You feel very sick.
The killer bee stings you but does no damage.
You block the killer bee's attack.
Your base Maces & Flails skill increases to level 2! 😮 HP[-4]
You take 4 damage, and now have 32/60 hp.
You feel very sick.
The killer bee stings you but does no damage. 😨 HP[-3]
You take 3 damage, and now have 29/60 hp.
You feel very sick. 😨 HP[-3]
You take 3 damage, and now have 26/60 hp.
Aiming: Throw Flame
Press: ? - help, Q - select action, (/) - cycle Shift-Dir - straight line, f - killer bee
Aim: a killer bee (39% to hit)
The puff of flame hits the killer bee.
You feel sick. The killer bee barely misses you.
The killer bee closely misses you. 😨 HP[-1]
You take 1 damage, and now have 25/60 hp.
Aiming: Throw Flame
Press: ? - help, Q - select action, (/) - cycle Shift-Dir - straight line, f/p - killer bee
Aim: a killer bee (lightly wounded, 39% to hit)
The puff of flame hits the killer bee!
You feel sick. The killer bee stings you.
* * * LOW HITPOINT WARNING * * *
The killer bee stings you.
* * * LOW HITPOINT WARNING * * *
You are more poisoned.
The killer bee poisons you! 😱 HP[-11]
You take 11 damage, and now have 14/60 hp.
You feel better. The killer bee stings you.
* * * LOW HITPOINT WARNING * * *
The killer bee stings you!
* * * LOW HITPOINT WARNING * * *
😨 HP[+3]
You regained 3 hp, and now have 17/60 hp.
You fail to use your ability.
The killer bee stings you but does no damage.
The killer bee stings you.
* * * LOW HITPOINT WARNING * * *
😱 HP[-4]
You take 4 damage, and now have 13/60 hp.
A red film seems to cover your vision as you go berserk!
You feel yourself moving faster!
You feel mighty!
You can no longer call upon Trog for regeneration and willpower.
The killer bee stings you.
* * * LOW HITPOINT WARNING * * *
You are poisoned.
The killer bee poisons you! The killer bee stings you.
* * * LOW HITPOINT WARNING * * *
😱 HP[-1]
You now have 90 max hp (+30).
You miss the killer bee.
You feel sick. You block the killer bee's attack. The killer bee stings you.
* * * LOW HITPOINT WARNING * * *
😱 HP[-8]
You take 8 damage, and now have 4/90 hp.
You bludgeon the killer bee!!
You kill the killer bee!
Trog accepts your kill.
* * * LOW HITPOINT WARNING * * *
You feel sick.
Your Shields skill increases to level 4!
You hit the killer bee. The killer bee closely misses you.
The killer bee stings you but does no damage.
You barely miss the killer bee.
* * * LOW HITPOINT WARNING * * *
You feel sick. The killer bee stings you.
You die...

Skill      XL: |  1  2  3  4  5  6  7 |
---------------+----------------------+-----
Axes           | 3 4 5 |  5.5
Fighting       | 4 |  4.9
Throwing       | 1 2 |  2.4
Invocations    | 1 3 |  3.0
Armour         | 4 |  4.8
Dodging        | 1 |  1.5
Maces & Flails | 1 2 |  2.2
Shields        | 4 |  4.0
Stealth        | |  0.2

Action                   |  1- 3 |  4- 6 |  7- 9 || total
-------------------------+-------+-------+-------++-------
Melee: War axe           |    96 |    39 |       ||   135
       Flail             |       |    39 |    58 ||    97
Throw: Dart              |     2 |    59 |     9 ||    70
       Stone             |       |       |     5 ||     5
       Javelin           |       |       |     3 ||     3
Invok: Berserk           |       |       |     1 ||     1
Evoke: Wand              |       |       |     3 ||     3
  Use: Scroll            |       |     3 |       ||     3
       Potion            |       |       |     1 ||     1
Armor: Scale mail        |    38 |    25 |    29 ||    92
Dodge: Dodged            |    41 |    32 |    27 ||   100
Block: Buckler           |    12 |    14 |    19 ||    45

Levels and vault maps discovered:
D:1:      erik_arrival_cave_to_civilisation [erik_arrival_cave_to_temple],
          layout_basic, minmay_rat_gold_closets
D:2:      layout_basic, basic_altar
D:3:      layout_basic, kiku_gazebo_pond_becter,
          mainiacjoe_overflow_cross_hatched
D:4:      nicolae_BIG_FREAKIN_CUBE, layout_basic,
          mainiacjoe_overflow_small_starburst, uniq_edmund, uniq_robin,
          uniq_blork_the_orc

Notes
Turn   | Place    | Note
-------+----------+-------------------------------------------
     0 | D:1      | mortz the Hill Orc Fighter began the quest for the Orb.
     0 | D:1      | Reached XP level 1. HP: 19/19 MP: 1/1
     0 | D:1      | magus.rc [v1.9.6]
    43 | D:1      | Found a one-way gate to the infinite horrors of the Abyss.
    43 | D:1      | Found a corrupted altar of Lugonu.
    43 | D:1      | Noticed a demonic crawler
    43 | D:1      | Noticed a quasit
    43 | D:1      | Noticed a quasit
    43 | D:1      | Noticed a quasit
    43 | D:1      | Noticed an iron imp
    43 | D:1      | Noticed an iron imp
    43 | D:1      | Noticed a demonic crawler
    43 | D:1      | Noticed a quasit
    43 | D:1      | Noticed an iron imp
    44 | D:1      | Noticed a quasit
    49 | D:1      | Noticed an iron imp
   357 | D:1      | Reached XP level 2. HP: 27/27 MP: 2/2
   390 | D:1      | Reached skill level 3 in Axes
  1051 | D:1      | Reached skill level 4 in Fighting
  1396 | D:2      | Found a bloodstained altar of Trog.
  1409 | D:2      | Became a worshipper of Trog the Wrathful
  1440 | D:2      | Reached XP level 3. HP: 33/33 MP: 3/3
  1832 | D:2      | Reached skill level 4 in Axes
  2048 | D:3      | Found an ancient bone altar of Kikubaaqudgha.
  2576 | D:3      | Reached XP level 4. HP: 40/40 MP: 4/4
  2761 | D:3      | Reached * piety under Trog
  2766 | D:3      | Found a burning altar of Makhleb.
  3424 | D:4      | Noticed Robin
  3424 | D:4      | Noticed Blork the orc
  3735 | D:4      | Noticed Edmund
  3750 | D:4      | Killed Edmund
  3751 | D:4      | Reached skill level 5 in Axes
  3751 | D:4      | Reached skill level 1 in Throwing
  3751 | D:4      | Reached skill level 1 in Invocations
  3751 | D:4      | Reached XP level 5. HP: 33/47 MP: 6/6
  3966 | D:4      | Reached skill level 4 in Armour
  3966 | D:4      | Reached XP level 6. HP: 49/53 MP: 7/7
  4019 | D:4      | Reached skill level 2 in Invocations
  4041 | D:4      | Reached skill level 2 in Throwing
  4110 | D:4      | Reached skill level 1 in Dodging
  4213 | D:4      | Killed Blork the orc
  4214 | D:4      | Reached skill level 1 in Maces & Flails
  4476 | D:4      | Reached skill level 3 in Invocations
  4476 | D:4      | Reached XP level 7. HP: 60/60 MP: 9/9
  4601 | D:4      | Killed Robin
  4845 | D:4      | Found a glowing golden altar of the Shining One.
  5006 | D:4      | Reached ** piety under Trog
  5166 | D:4      | Reached skill level 2 in Maces & Flails
  5169 | D:4      | HP: 14/60 [killer bee (5)]
  5173 | D:4      | HP: 4/90 [killer bee (6)]
  5175 | D:4      | Reached skill level 4 in Shields
  5176 | D:4      | Slain by a killer bee

Vanquished Creatures
  Edmund (D:4)
  An ogre (D:4)
  Blork the orc (D:4)
  A scorpion (D:4)
  2 killer bees (D:4)
  An orc priest (D:4)
  A hound (D:4)
  2 iguanas (D:4)
  An orc wizard (D:4)
  Robin (D:4)
  3 adders
  An adder skeleton (D:4)
  A worm (D:4)
  A dart slug (D:4)
  9 orcs (D:4)
  5 ball pythons
  5 endoplasms
  4 giant cockroaches
  16 goblins
  6 hobgoblins
  2 jackals (D:1)
  2 quokkas
  A bat (D:2)
  2 frilled lizards (D:3)
  6 kobolds
  12 rats
88 creatures vanquished.

Vanquished Creatures (others)
  11 plants (D:3)
11 creatures vanquished.

Grand Total: 99 creatures vanquished

Table legend:
 A = Non-vault XP
 B = Vault XP
 C = Vault XP percentage of total XP
 D = Non-vault monster count
 E = Vault monster count
 F = Vault count percentage of total count
                 A         B        C        D         E       F
            +---------+---------+-------+---------+---------+-------
      Total |     656 |     300 |  31.4 |      64 |      24 |  27.3
            +---------+---------+-------+---------+---------+-------
        D:1 |      20 |      12 |  37.5 |      11 |      11 |  50.0
        D:2 |      28 |       0 |   0.0 |       9 |       0 |   0.0
        D:3 |      49 |       2 |   3.9 |      18 |       1 |   5.3
        D:4 |     559 |     286 |  33.8 |      26 |      12 |  31.6
            +---------+---------+-------+---------+---------+-------

Illustrated notes

Table legend:
 A = Kills in this place as a percentage of kills in entire the game.
 B = Kills by you in this place as a percentage of kills by you in the entire game.
 C = Kills by friends in this place as a percentage of kills by friends in the entire game.
 D = Other kills in this place as a percentage of other kills in the entire game.
 E = Experience gained in this place as a percentage of experience gained in the entire game.
 F = Experience gained in this place divided by the number of levels of this place that you have seen.
                   A       B       C       D       E      F
               +-------+-------+-------+-------+-------+----------------------
         Total | 100.0 | 100.0 |   N/A |   N/A | 100.0 | 239.0
       Dungeon | 100.0 | 100.0 |   N/A |   N/A | 100.0 | 239.0
               +-------+-------+-------+-------+-------+----------------------

Table legend: (Time is in decaauts)
 A = Elapsed time spent in this place.
 B = Non-inter-level travel time spent in this place.
 C = Inter-level travel time spent in this place.
 D = Time resting spent in this place.
 E = Time spent auto-exploring this place.
 F = Levels seen in this place.
 G = Mean time per level.
                   A        B        C        D        E       F      G
               +--------+--------+--------+--------+--------+-----+--------+
         Total |   5250 |   5084 |    166 |    291 |   4012 |   4 | 1312.5 |
       Dungeon |   5250 |   5084 |    166 |    291 |   4012 |   4 | 1312.5 |
               +--------+--------+--------+--------+--------+-----+--------+

Top non-repeatable levels by time:
     D:3: 1665 daAuts
     D:4: 1559 daAuts
     D:1: 1413 daAuts
     D:2: 612 daAuts
